 Dungeon Crawl Stone Soup version 0.17-a0-2098-gf59d6bc (webtiles) character file.

25 4thArraOfDagon the Gusty (level 2, -4/23 HPs)
             Began as a Draconian Air Elementalist on Oct 17, 2015.
             Shot with an arrow by a centaur (14 damage)
             ... on level 6 of the Dungeon.
             The game lasted 00:04:12 (683 turns).

4thArraOfDagon the Gusty (DrAE)                      Turns: 683, Time: 00:04:12

Health: -4/23      AC:  4    Str: 10    XL:     2   Next: 82%
Magic:  5/5        EV: 12    Int: 15    God:
Gold:   25         SH:  0    Dex: 11    Spells: 1 memorised, 4 levels left

rFire  . . .     SeeInvis .       - Unarmed
rCold  . . .     Clarity  .     (armour unavailable)
rNeg   . . .     SustAt   .     (no shield)
rPois  +         Gourm    .     (helmet restricted)
rElec  .         Spirit   .     (no cloak)
rCorr  .         Warding  .     (no gloves)
rMut   .         Stasis   .     (no boots)
MR     .....                    (no amulet)
Stlth  ++........               (no ring)
                                e - ring of poison resistance

@: not resistant to hostile enchantments, unstealthy
A: unfitting armour, cold-blooded, AC +4
a: no special abilities


You were on level 6 of the Dungeon.
You were not hungry.

You visited 1 branch of the dungeon, and saw 6 of its levels.

You collected 25 gold pieces.

Inventory:

Jewellery
 e - a ring of poison resistance (left hand)
Scrolls
 g - a scroll of remove curse {unknown}
 h - a scroll of identify {unknown}
Potions
 d - 2 potions of curing {unknown}
Books
 a - a book of Air

   Spells                             Type                      Level
   a - Shock                          Conjuration/Air              1
   b - Swiftness                      Charms/Air                   2
   c - Repel Missiles                 Charms/Air                   2
   d - Static Discharge               Conjuration/Air              3
   e - Lightning Bolt                 Conjuration/Air              5
Comestibles
 b - 3 bread rations
 c - a meat ration
 f - a chunk of flesh


   Skills:
 + Level 1.2 Fighting
 - Level 2.1 Dodging
 - Level 1.7 Stealth
 * Level 1.6 Unarmed Combat
 - Level 2.0 Spellcasting
 - Level 1.0 Conjurations
 - Level 3.0 Air Magic


You had 4 spell levels left.
You knew the following spells:

 Your Spells              Type           Power        Failure   Level  Hunger
a - Shock                 Conj/Air       #...         12%         1    #......


Dungeon Overview and Level Annotations

Branches:
Dungeon (6/15)
 Temple: D:4-7

Altars:

Annotations:
D:3 Sigmund
D:5 exclusion: scorpion, Grinder


Innate Abilities, Weirdness & Mutations

Your plain brown scales are hard (AC +4).
Your body does not fit into most forms of armour.
You are cold-blooded and may be slowed by cold attacks.


Message History

The crimson imp blinks!
Found a dagger.
The crimson imp blinks!
There is a stone staircase leading down here.
You climb downwards.
Found a bread ration and 14 stones.
There is a stone staircase leading up here.
Unknown command.
Found a quarterstaff.
b - 3 bread rations (gained 1)
A centaur comes into view.
The centaur shouts!
The centaur wields a shortbow.
The centaur shoots an arrow.
The arrow hits you.
The centaur shoots an arrow.
The arrow hits you.
Unknown command.
Unknown command.
Unknown command.
The centaur shoots an arrow.
The arrow hits you!
Ouch! That really hurt!
You die...

#. #. #. #. #.
####c### ##+##
#......# ##...##
##.@.# ##.....##
#.#....###.......##
#.................#
#.................+
#...............<.#
###....###.......##
##..)# ##.....##
#...##.....(##
##.###.###..#


You could see a centaur.

Vanquished Creatures
  An adder (D:3)
  A giant gecko (D:5)
  2 orcs (D:3)
  A giant cockroach (D:2)
  3 goblins
  2 hobgoblins
  A quokka (D:3)
  A bat (D:2)
  A kobold (D:3)
  A rat (D:3)
14 creatures vanquished.

Notes
Turn   | Place    | Note
--------------------------------------------------------------
     0 | D:1      | 4thArraOfDagon the Draconian Air Elementalist began the quest for the Orb.
     0 | D:1      | Reached XP level 1. HP: 14/14 MP: 3/3
    61 | D:1      | You fall through a shaft!
   209 | D:3      | Reached skill level 1 in Unarmed Combat
   235 | D:3      | Reached XP level 2. HP: 15/20 MP: 3/5
   438 | D:3      | Noticed Sigmund
   556 | D:3      | Reached skill level 1 in Fighting
   585 | D:5      | Entered Level 5 of the Dungeon
   599 | D:5      | Noticed a scorpion
   627 | D:5      | Noticed Grinder
   681 | D:6      | Noticed a centaur
   683 | D:6      | Shot with an arrow by a centaur

Vault maps used:
D:1:      minmay_arrival_widening_spiral_wide
D:2:      lemuel_round_altar, lemuel_doored_altar, first_bread,
          roderic_ancient_swastika
D:3:      minmay_tree_intersection, uniq_sigmund
D:4:      nemelex_xobeh_ov_fountains_minmay
D:5:      lemuel_crystal_altar, nicolae_qazlal_style_of_elements,
          lemuel_crystal_altar, serial_shops, shop, uniq_duvessa, uniq_grinder
D:6:      dk_noncrumbling_2

Action                   || total
-------------------------++-------
Melee: Unarmed           ||    24
 Cast: Shock             ||    21
  Use: Scroll            ||     2
 Stab: Sleeping          ||     2
